 Dungeon Crawl Stone Soup version 0.18.1-1-g2f07953 (webtiles) character file.

46 oplop the Insei (level 3, -2/23 HPs)
             Began as an Octopode Transmuter on May 7, 2016.
             Slain by Terence
             ... wielding a +0 mace
              (3 damage)
             ... on level 2 of the Dungeon.
             The game lasted 00:02:10 (1229 turns).

oplop the Insei (Octopode Transmuter)               Turns: 1229, Time: 00:02:11

Health: -2/23      AC:  1    Str:  9    XL:     3   Next: 68%
Magic:  2/6        EV: 12    Int: 16    God:
Gold:   30         SH:  0    Dex: 12    Spells: 2 memorised, 3 levels left

rFire  . . .     SeeInvis .       - Unarmed
rCold  . . .     Gourm    .     (no shield)
rNeg   . . .     Faith    .     (helmet restricted)
rPois  .         Spirit   .     (no amulet)
rElec  .         Dismiss  .     (no ring)
rCorr  .         Reflect  .     (no ring)
SustAt .         Harm     .     (no ring)
MR     .....                    (no ring)
Stlth  ++........               (no ring)
                                (no ring)
                                (no ring)
                                (no ring)

@: appendage (expiring), not resistant to hostile enchantments, unstealthy
A: almost no armour, amphibious, 8 rings, constrict 8, tentacle spike 3,
camouflage 1, gelatinous body 1
a: End Transformation


You were on level 2 of the Dungeon.
You were hungry.
One of your tentacles had a temporary spike.
You visited 1 branch of the dungeon, and saw 2 of its levels.

You collected 30 gold pieces.

Inventory:

Missiles
 a - 8 arrows
Scrolls
 d - a scroll of enchant armour {unknown}
 e - a scroll of identify {unknown}
 f - a scroll of amnesia {unknown}
 g - 3 scrolls of random uselessness {unknown}
 k - a scroll of enchant weapon {unknown}
Potions
 j - a potion of degeneration {unknown}
Books
 b - a book of Changes

   Spells                             Type                      Level
   a - Beastly Appendage              Transmutation                1
   b - Sticks to Snakes               Transmutation                2
   c - Spider Form                    Transmutation/Poison         3
   d - Ice Form                       Ice/Transmutation            4
   e - Blade Hands                    Transmutation                5
 l - a book of Beasts

   Spells                             Type                      Level
   a - Summon Butterflies             Summoning                    1
   b - Call Canine Familiar           Summoning                    3
   c - Summon Ice Beast               Ice/Summoning                4
   d - Summon Mana Viper              Hexes/Summoning              5
   e - Summon Hydra                   Summoning                    7
Comestibles
 c - 4 bread rations
 h - a beef jerky
 i - a chunk of flesh
 m - a meat ration


   Skills:
 + Level 1.6 Fighting
 + Level 2.2 Dodging
 + Level 3.5 Unarmed Combat
 + Level 2.2 Spellcasting
 * Level 2.6 Transmutations


You had 3 spell levels left.
You knew the following spells:

 Your Spells              Type           Power        Failure   Level  Hunger
a - Beastly Appendage     Trmt           ##....       10%         1    #......
b - Sticks to Snakes      Trmt           ##......     12%         2    ###....


Dungeon Overview and Level Annotations

Branches:
Dungeon (2/15)

Altars:
Cheibriados

Annotations:
D:2 Terence


Innate Abilities, Weirdness & Mutations

You cannot wear most types of armour.
You are amphibious.
You can wear up to eight rings at the same time.
You can use your tentacles to constrict eight enemies at once.
Your skin changes colour to match your surroundings (Stealth).
Your rubbery body absorbs attacks (AC +1).
One of your tentacles bears a large vicious spike.


Message History

You constrict Terence, but do no damage.
Unknown command.
You tentacle-slap Terence but do no damage.
You pierce Terence, but do no damage.
Terence is almost dead.
Your transformation is almost over.
You constrict Terence, but do no damage.
Terence misses you.
Unknown command.
You tentacle-slap Terence but do no damage.
Terence is almost dead.
You constrict Terence, but do no damage.
Terence hits you with a mace.
* * * LOW HITPOINT WARNING * * *
Unknown command.
You tentacle-slap Terence but do no damage.
Terence is almost dead.
You constrict Terence, but do no damage.
Terence hits you with a mace.
You die...

.....##.#
................ #
#................ #.
#.....# #.#...... #.
#..†..# ..##..... # #..
#.....#..........
##.#..##.....##..##.##.#
........@..............#
..#...@..............<.
.........###.##...#..#.#
##...............>.....#
##..........#..........
##.######.###..###.#.#
#. ................ #
###......#.....#
######........ ###.###.#


You could see Terence.

Vanquished Creatures
  2 dart slugs (D:1)
  A giant gecko (D:1)
  A ball python (D:1)
  4 bats
  A giant cockroach (D:1)
  3 hobgoblins
  7 jackals (D:1)
  2 kobolds (D:1)
  4 goblins (D:1)
  5 rats
30 creatures vanquished.

Vanquished Creatures (collateral kills)
  An adder (D:2)
  A giant cockroach (D:2)
  A giant newt (D:1)
3 creatures vanquished.

Grand Total: 33 creatures vanquished

Notes
Turn   | Place    | Note
--------------------------------------------------------------
     0 | D:1      | oplop the Octopode Transmuter began the quest for the Orb.
     0 | D:1      | Reached XP level 1. HP: 13/13 MP: 3/3
   217 | D:1      | Reached XP level 2. HP: 9/18 MP: 3/5
   517 | D:1      | Learned a level 2 spell: Sticks to Snakes
   591 | D:1      | Reached XP level 3. HP: 10/23 MP: 4/6
  1107 | D:2      | Found a snail-covered altar of Cheibriados.
  1207 | D:2      | Noticed Terence
  1228 | D:2      | HP: 1/23 [Terence/mace (5)]
  1229 | D:2      | Slain by Terence

Action                   || total
-------------------------++-------
Melee: Unarmed           ||    77
       Constrict         ||    22
       Kick              ||    14
       Tentacles         ||    11
       Punch             ||     2
 Cast: Beastly Appendage ||    10
       Sticks to Snakes  ||     4
  Use: Potion            ||     1
 Stab: Sleeping          ||     4
       Distracted        ||     1
  Eat: Chunk             ||     1
Armor: Skin              ||    10
Dodge: Dodged            ||    50
